 Dungeon Crawl Stone Soup version 0.28-a0-861-ge64d6db94f (webtiles) character file.

Game seed: 10280121790444286637

142 Gwenloh the Caller (level 5, -1/38 HPs)
             Began as a Mummy Summoner on Nov 16, 2021.
             Was an Initiate of Gozag.
             Slain by an ufetubus (5 damage)
             ... summoned by Eustachio
             ... in the Ecumenical Temple.
             The game lasted 00:10:58 (3668 turns).

Gwenloh the Caller (Mummy Summoner)                 Turns: 3668, Time: 00:10:59

Health: -1/38      AC:  2    Str: 12    XL:     5   Next: 3%
Magic:  7/10       EV: 12    Int: 15    God:    Gozag
Gold:   50         SH:  0    Dex: 12    Spells: 2/11 levels left

rFire   x . .      SeeInvis .   a - +0 spear
rCold   + . .      Faith    .   (no shield)
rNeg    + + +      Spirit   .   e - +0 robe
rPois   ∞          Reflect  .   (no helmet)
rElec   .          Harm     .   (no cloak)
rCorr   .          Rampage  .   (no gloves)
Will    .....                   (no boots)
Stlth   ++........              (no amulet)
HPRegen 0.12/turn               (no ring)
MPRegen 0.12/turn               (no ring)

@: no status effects
A: cold resistance 1, negative energy resistance 3, torment resistance 2, heat
vulnerability 1, no potions
a: Renounce Religion, Potion Petition, Call Merchant, Bribe Branch


You were in the Ecumenical Temple.
You worshipped Gozag.
Gozag was noncommittal.
You visited 2 branches of the dungeon, and saw 5 of its levels.

You collected 95 gold pieces.
You paid 45 gold pieces to Gozag.

Inventory:

Hand Weapons
 a - a +0 spear (weapon)
 b - a +0 hunting sling
 d - a +0 dagger
Missiles
 h - 103 stones
 i - 8 poisoned darts (quivered)
 j - 13 sling bullets
Armour
 e - a +0 robe (worn)
 g - a +0 kite shield
Scrolls
 c - 4 scrolls of identify {unknown}
 f - a scroll of silence {unknown}
 k - a scroll of vulnerability {unknown}
 l - 2 scrolls of enchant weapon {unknown}
 m - a scroll of noise {unknown}
 n - a scroll of enchant armour {unknown}


   Skills:
 + Level 2.1 Fighting
 - Level 1.5 Dodging
 - Level 1.5 Stealth
 + Level 3.9 Spellcasting
 * Level 4.4 Summonings


You had 2 spell levels left.
You knew the following spells:

 Your Spells              Type           Power      Damage    Failure   Level
a - Summon Small Mammal   Summ           64%        N/A       3%          1
b - Call Imp              Summ           16%        N/A       4%          2
c - Call Canine Familiar  Summ           16%        N/A       9%          3
d - Summon Guardian Gole  Hex/Summ       9%         N/A       22%         3

Your spell library contained the following spells:

 Spells                   Type           Power      Damage    Failure   Level
 Summon Lightning Spire   Summ/Air       9%         N/A       58%         4


Dungeon Overview and Level Annotations

Branches:
Dungeon (6/15)             Temple (1/1) D:6

Altars:
Ashenzari
Cheibriados
Dithmenos
Elyvilon
Fedhas
Gozag
Hepliaklqana
Kikubaaqudgha
Okawaru
Qazlal
Ru
Sif Muna
Trog
Uskayaw
Wu Jian
Xom

Annotations:
Temple Eustachio


Innate Abilities, Weirdness & Mutations

You are immune to poison.
Your flesh is cold resistant. (rC+)
You are immune to negative energy. (rN+++)
You are immune to unholy pain and torment.
You are vulnerable to heat. (rF-)
You do not drink.


Message History

Your hound closely misses the ufetubus.
The ufetubus misses you. The ufetubus hits you.
You swap places.
The ufetubus closely misses you. The ufetubus barely misses you.
The ufetubus misses you.
The ufetubus hits you but does no damage.
The ufetubus barely misses you.
The ufetubus hits you but does no damage.
You barely miss the ufetubus.
Your hound bites Eustachio.
The ufetubus hits you. The ufetubus closely misses you.
The ufetubus hits you but does no damage.
The ufetubus closely misses you.
Your hound completely misses Eustachio.
The ufetubus hits you. x2
You hit Eustachio but do no damage.
Eustachio is lightly wounded.
The ufetubus barely misses you. The ufetubus completely misses you.
Your hound bites Eustachio.
Eustachio barely misses you. The ufetubus barely misses you.
The ufetubus hits you but does no damage.
The ufetubus hits you.
The ufetubus hits you but does no damage.
Your hound barely misses Eustachio.
Eustachio casts a spell.
Eustachio blinks!
Your hound bites Eustachio.
The ufetubus hits you.
* * * LOW HITPOINT WARNING * * *
The ufetubus barely misses you.
Your hound closely misses Eustachio.
Casting: Call Canine Familiar (dangerous; 9% risk of failure)
Confirm with . or Enter, or press ? or * to list all spells.
The ufetubus barely misses you. The ufetubus misses you.
The ufetubus closely misses you. The ufetubus barely misses you.
Eustachio barely misses your hound.
Your hound closely misses Eustachio.
The ufetubus hits you.
* * * LOW HITPOINT WARNING * * *
The ufetubus closely misses you. The shadow imp barely misses your bat.
Your bat hits the ufetubus but does no damage.
Your hound barely misses Eustachio.
Eustachio mumbles some strange words.
Eustachio blinks!
The ufetubus barely misses you. The ufetubus hits you.
You die...
Your body crumbles into a pile of gold.

##...###.#...##...##...#.###...#
##.....###...####§##.#...###.....
#.......#.....##.h.##.....#......
#.._.......#._#..<..#_.#......._.
#.......#.....##...##.....#......
##.....###...#.##5####...###.....
##...###.#...##...##...#.###...#
##.....###.....b55..#....###.....
#.......#.......@.........#......
##..._..#.._.....#....._..#.._...
#.#.....#.......###.......#.....#
#..#...###....### ###....###...#.
#####.#####..##### #.#..#####.###
#...#.#....##.####....#.#...#
#............###............#
##.......#.._..#.._..#.......#
#.#.....#.#...###...#.#.....##


You could see a shadow imp (summoned), 2 ufetubi, a friendly hound (summoned)
and a friendly bat (summoned).

Vanquished Creatures
  A bullfrog zombie (D:6)
  A centaur zombie (D:6)
  An adder (D:2)
  A dart slug (D:2)
  5 bats
  2 endoplasms
  2 giant cockroaches
  3 goblins (D:1)
  7 hobgoblins
  3 jackals (D:2)
  2 quokkas
  7 ball pythons
  A frilled lizard (D:2)
  6 kobolds
  2 rats
44 creatures vanquished.

Vanquished Creatures (collateral kills)
  An adder (D:2)
  A worm (D:2)
  A hobgoblin (D:1)
  A kobold (D:1)
  A bat (D:1)
5 creatures vanquished.

Grand Total: 49 creatures vanquished

Notes
Turn   | Place    | Note
-------+----------+-------------------------------------------
     0 | D:1      | Gwenloh the Mummy Summoner began the quest for the Orb.
     0 | D:1      | Reached XP level 1. HP: 13/13 MP: 4/4
   734 | D:1      | Reached XP level 2. HP: 20/20 MP: 5/5
   737 | D:1      | Learned a level 2 spell: Call Imp
   808 | D:1      | Found a faded altar of an unknown god.
  1252 | D:2      | Reached skill level 1 in Fighting
  1364 | D:2      | Reached XP level 3. HP: 8/26 MP: 5/7
  1766 | D:2      | Learned a level 3 spell: Call Canine Familiar
  2134 | D:2      | Reached skill level 4 in Summonings
  2360 | D:2      | Reached XP level 4. HP: 16/32 MP: 9/9
  2521 | D:2      | Learned a level 3 spell: Summon Guardian Golem
  3044 | D:3      | You fall into a shaft and drop 3 floors!
  3195 | D:6      | Found a staircase to the Ecumenical Temple.
  3211 | D:6      | Reached XP level 5. HP: 27/38 MP: 10/10
  3308 | Temple   | Entered the Ecumenical Temple
  3533 | Temple   | Became a worshipper of Gozag Ym Sagoz the Greedy
  3571 | D:6      | Noticed Eustachio
  3668 | Temple   | Slain by an ufetubus

Illustrated notes

Levels and vault maps discovered:
D:1:      lightli_arrival_quake, layout_loops_ring,
          ebering_ecumenical_altar_webs
D:2:      layout_rooms, kennysheep_donut
D:3:      layout_loops_ring, marbit_many_paths
D:6:      layout_basic, lemuel_mausoleum_altar_yredelemnul,
          minmay_temple_entry_drinking_statues, serial_shops, shop,
          nicolae_shop_stone, nicolae_shop_behind_doors, uniq_duvessa,
          uniq_edmund, uniq_eustachio
Temple:   eino_temple_scatter_basement

Skill      XL: |  1  2  3  4 |
---------------+-------------+-----
Spellcasting   | 3 |  3.9
Fighting       | 1 2 |  2.1
Summonings     | 4 |  4.4
Dodging        | |  1.5
Stealth        | |  1.5

Action                   |  1- 3 |  4- 6 || total
-------------------------+-------+-------++-------
Melee: Spear             |   106 |    36 ||   142
       Unarmed           |     2 |       ||     2
 Fire: Hunting sling     |       |    14 ||    14
Throw: Stone             |    12 |       ||    12
       Dart              |    43 |     2 ||    45
 Cast: Summon Small Mamm |     7 |     3 ||    10
       Call Imp          |     1 |     4 ||     5
       Call Canine Famil |       |     2 ||     2
 Stab: Sleeping          |     4 |       ||     4
Armor: Robe              |    15 |    19 ||    34
Dodge: Dodged            |    35 |    50 ||    85

Table legend: (Time is in decaauts)
 A = Elapsed time spent in this place.
 B = Non-inter-level travel time spent in this place.
 C = Inter-level travel time spent in this place.
 D = Time resting spent in this place.
 E = Time spent auto-exploring this place.
 F = Levels seen in this place.
 G = Mean time per level.
                   A        B        C        D        E       F      G
               +--------+--------+--------+--------+--------+-----+--------+
         Total |   3682 |   3572 |    110 |    967 |   1883 |   5 |  736.4 |
       Dungeon |   3378 |   3309 |     69 |    914 |   1704 |   4 |  844.5 |
        Temple |    304 |    263 |     41 |     53 |    179 |   1 |  304.0 |
               +--------+--------+--------+--------+--------+-----+--------+

Top non-repeatable levels by time:
     D:2: 1407 daAuts
     D:1: 1243 daAuts
     D:3: 404 daAuts
     D:6: 323 daAuts
  Temple: 304 daAuts
